AoeStats
← Faranight78000

Highland

506904697Analyzed
2v2 RM · 18d ago on Sep 15, 2026· 55m 1s· 4 players
Game mode
Random Map
Map size
Medium (4 player)
Population
200
Speed
Normal
Resources
Standard
Victory
Conquest
Starting age
Dark Age
Ending age
Imperial Age
RankedLock teamsTeams togetherTeam positionsShared explorationLock speedFull tech treeHidden civsTurbo modeCheats
Victory
Defeat
1123
+10
🇳🇴 Mongols · Norway
916
+19
🇫🇷 Sicilians · France
998
-15
🇫🇷 Malay · France
977
-14
Boeder
8:31 Loom
13:21 Feudal Age
18:05 Castle Age
16:11 Double-Bit Axe
16:18 Horse Collar
24:33 Bow Saw
25:58 Gold Mining
27:23 Scale Barding Armor
27:56 Wheelbarrow
27:42 Town Watch
28:06 Husbandry
28:58 Bloodlines
30:32 Chain Barding Armor
31:18 Pikeman
32:26 Hand Cart
32:57 Scale Mail Armor
40:52 Chain Mail Armor
40:47 Forging
41:17 First Crusade
43:01 Gold Shaft Mining
45:44 Imperial Age
46:16 Squires
46:48 Conscription
48:33 Hauberk
47:52 Cavalier
49:58 Coinage
50:13 Elite Skirmisher
54:20 Fletching
54:59 Bodkin Arrow
55:04 Padded Archer Armor
Faranight78000
5:18 Loom
11:48 Feudal Age
11:46 Double-Bit Axe
18:29 Castle Age
16:15 Horse Collar
18:03 Wheelbarrow
18:53 Fletching
19:18 Gold Mining
20:01 Bow Saw
23:39 Medium Warships
23:51 Squires
23:11 Man-at-Arms
23:12 Pikeman
25:29 Long Swordsman
28:42 Forging
27:55 Elite Skirmisher
31:13 Hand Cart
32:42 Iron Casting
32:03 Bodkin Arrow
32:10 Padded Archer Armor
36:34 Imperial Age
34:23 Town Watch
35:04 Scale Barding Armor
35:17 Leather Archer Armor
35:36 Ballistics
35:28 Masonry
36:22 Forced Levy
40:25 Capped Ram
41:27 Arson
41:15 Two-Handed Swordsman
44:52 Conscription
48:06 Elite Battle Elephant
51:26 Gold Shaft Mining
52:17 Husbandry
52:39 Cavalier
54:14 Bodkin Arrow
SpecialAgentDaleCooper
7:35 Loom
10:57 Feudal Age
11:58 Double-Bit Axe
17:10 Castle Age
15:55 Horse Collar
21:03 Wheelbarrow
22:21 Bow Saw
22:50 Scale Barding Armor
22:56 Forging
23:22 Medium Warships
24:31 Hand Cart
25:36 Chain Barding Armor
27:00 Heavy Plow
28:32 Bloodlines
28:22 Husbandry
30:01 Gold Mining
29:59 Light Cavalry
31:29 Iron Casting
37:15 Imperial Age
36:09 Masonry
36:20 Ballistics
36:58 Town Watch
37:27 Squires
37:13 Arson
37:20 Cavalier
39:15 Plate Barding Armor
38:42 Scale Mail Armor
38:33 Fletching
38:05 Pikeman
38:22 Winged Hussar
39:57 Capped Ram
41:44 Chemistry
41:14 Architecture
41:23 Thumb Ring
41:17 Bodkin Arrow
41:38 Chain Mail Armor
40:49 Elite Skirmisher
42:23 Conscription
42:07 Tower Shields
41:33 Elite Leitis
42:48 Hoardings
42:14 Hill Forts
42:20 Halberdier
46:11 Paladin
49:27 Padded Archer Armor
49:28 Bracer
49:56 Treadmill Crane
53:05 Caravan
juleskum
4:07 Loom
11:18 Feudal Age
16:52 Castle Age
16:58 Double-Bit Axe
18:23 Horse Collar
20:02 Gold Mining
22:00 Fletching
24:04 Bow Saw
24:40 Bloodlines
24:40 Bodkin Arrow
26:57 Padded Archer Armor
28:05 Ballistics
28:03 Leather Archer Armor
29:07 Wheelbarrow
30:52 Forging
30:44 Scale Mail Armor
31:43 Heavy Plow
32:49 Thumb Ring
38:11 Imperial Age
39:01 Elite Mangudai
40:41 Bracer
41:10 Parthian Tactics
41:04 Hand Cart
40:47 Town Watch
41:51 Husbandry
49:42 Chemistry
49:56 Iron Casting
49:37 Chain Mail Armor
49:28 Scale Barding Armor
Connection lost

Rejoining the realm…

Still unreachable

The connection could not be restored.

Session expired

The server has moved on; the page needs a fresh start.